 Dungeon Crawl Stone Soup version 0.26.1-15-g04117e645d (webtiles) character file.

Game seed: 17003030222665099463

28 suipiss the Grave Robber (level 2, -4/19 HPs)
             Began as a Mummy Necromancer on Dec 29, 2022.
             Slain by Robin
             ... wielding a +2 spear of venom
              (7 damage)
             ... on level 2 of the Dungeon.
             The game lasted 00:01:44 (1685 turns).

suipiss the Grave Robber (Mummy Necromancer)        Turns: 1685, Time: 00:01:45

Health: -4/19      AC:  3    Str: 11    XL:     2   Next: 96%
Magic:  1/6        EV: 12    Int: 14    God:
Gold:   69         SH:  0    Dex: 12    Spells: 5/7 levels left

rFire    x . .     SeeInvis .   e - -1 dagger (curse)
rCold    + . .     Faith    .   (no shield)
rNeg     + + +     Spirit   .   a - +0 robe
rPois    ∞         Reflect  .   (no helmet)
rElec    .         Harm     .   d - +0 cloak
rCorr    .         Rampage  .   (no gloves)
Will     .....                  (no boots)
Stlth    ++........             (no amulet)
HPRegen  0.06/turn              (no ring)
MPRegen  0.10/turn              (no ring)

@: no status effects
A: no potions, fire vulnerability, cold resistance 1, negative energy resistance
3, torment resistance, unbreathing
a: no special abilities


You were on level 2 of the Dungeon.
You visited 1 branch of the dungeon, and saw 2 of its levels.

You collected 69 gold pieces.

Inventory:

Hand Weapons
 b - a +0 hand axe
 e - a cursed -1 dagger (weapon)
Armour
 a - a +0 robe (worn)
 d - a +0 cloak (worn)


   Skills:
 + Level 0.6 Armour
 + Level 1.8 Dodging
 - Level 1.5 Stealth
 * Level 3.4 Spellcasting
 * Level 4.3 Necromancy


You had 5 spell levels left.
You knew the following spells:

 Your Spells              Type           Power        Failure   Level
a - Pain                  Necr           56%          3%          1
b - Animate Skeleton      Necr           28%          3%          1

Your spell library contained the following spells:

 Spells                   Type           Power        Failure   Level
 Vampiric Draining        Necr           7%           11%         3
 Animate Dead             Necr           7%           34%         4
 Agony                    Necr           14%          67%         5


Dungeon Overview and Level Annotations

Branches:
Dungeon (2/15)

Altars:

Annotations:
D:2 Robin


Innate Abilities, Weirdness & Mutations

You do not drink.
Your flesh is vulnerable to fire.
You are immune to poison.
Your flesh is cold resistant. (rC+)
You are immune to negative energy. (rN+++)
You are immune to unholy pain and torment.
You can survive without breathing.


Message History

Aim: a hobgoblin, wielding a +0 club (strong, chance to affect: 85%)
The hobgoblin writhes in agony.
The hobgoblin barely misses you.
A goblin comes into view. It is wielding a +0 club.
Robin closely misses you.
The goblin moves out of view.
The hobgoblin no longer looks unusually strong.
The goblin no longer looks unusually strong.
The goblin hits you.
* * * LOW HITPOINT WARNING * * *
Robin misses you. Robin throws the goblin at you!
* * * LOW HITPOINT WARNING * * *
The goblin shouts!
You hit the goblin.
The goblin is moderately wounded.
The hobgoblin closely misses you. The goblin closely misses you.
Robin roars a battlecry!
The goblins go into a battle-frenzy!
The hobgoblin hits you but does no damage.
Robin hits you from afar with a +2 spear of venom!
You die...

.......+....)g...
#.....##)# #..#
#.....##.###..#
#..........g.#
#...........##
#..........##
######..g..#
#g....#
#########g@...#
#........##.###
#........##†#
#........##.#
+........##.#
#........##.#
#........##.#
####†######.#
#..# #.#


You could see Robin, a hobgoblin (strong) and 2 goblins.

Vanquished Creatures
  An ooze (D:1)
  A dart slug (D:1)
  3 bats
  6 goblins
  3 hobgoblins
  3 frilled lizards
  A kobold (D:1)
  2 rats
20 creatures vanquished.

Notes
Turn   | Place    | Note
-------+----------+-------------------------------------------
     0 | D:1      | suipiss the Mummy Necromancer began the quest for the Orb.
     0 | D:1      | Reached XP level 1. HP: 13/13 MP: 4/4
   532 | D:1      | Reached XP level 2. HP: 19/19 MP: 1/6
   799 | D:1      | Learned a level 1 spell: Animate Skeleton
  1665 | D:2      | Noticed Robin
  1685 | D:2      | Slain by Robin

Illustrated notes

Levels and vault maps discovered:
D:1:      elethiomel_arrival_infinity_welcomes_careful_drivers,
          layout_loops_corners
D:2:      layout_basic, minmay_misc_feat_diagonals, uniq_jessica, uniq_robin

Skill      XL: |  1 |
---------------+----+-----
Spellcasting   | 3 |  3.4
Armour         | |  0.6
Dodging        | |  1.8
Stealth        | |  1.5
Necromancy     | |  4.3

Action                   || total
-------------------------++-------
Melee: Hand axe          ||    13
       Dagger            ||    13
 Cast: Pain              ||    40
  Use: Scroll            ||     1
Armor: Robe              ||    10
Dodge: Dodged            ||    23
